 Dungeon Crawl Stone Soup version 0.31-a0-1321-g5021b54cb2 (webtiles) character file.

Game seed: 10607585390220563107

25 bmb222 the Sneak (level 3, 0/29 HPs)
             Began as a Formicid Delver on Dec 20, 2023.
             Slain by an adder (4 damage)
             ... on level 3 of the Dungeon.
             The game lasted 00:01:24 (459 turns).

bmb222 the Sneak (Formicid Delver)                   Turns: 459, Time: 00:01:25

Health: 0/29       AC:  3    Str: 18    XL:     3   Next: 17%
Magic:  3/3        EV: 12    Int:  9    God:
Gold:   28         SH:  0    Dex: 15    Spells: 2/2 levels left

rFire   . . .        g - +0 short sword of Fortitude {flame, rC+}
rCold   + . .        (no shield)
rNeg    . . .        b - +0 leather armour
rPois   .            (helmet unavailable)
rElec   .            (no cloak)
rCorr   .            (no gloves)
SInv    +            (no boots)
Will    .....        (no amulet)
Stlth   +++          (no ring)
HPRegen 0.24/turn    (no ring)
MPRegen 0.08/turn

%: no passive effects
@: lethally poisoned (0 -> -7)
A: permanent stasis, dig shafts and tunnels, antennae 3, four strong arms
a: Dig, Shaft Self


You were on level 3 of the Dungeon.
You visited 1 branch of the dungeon, and saw 3 of its levels.

You collected 28 gold pieces.

Inventory:

Hand Weapons
 a - a +0 hand axe
 g - the +0 short sword of Fortitude (weapon) {flame, rC+}
   (You found it on level 5 of the Dungeon)

   rC+:       It protects you from cold.
Armour
 b - a +0 leather armour (worn)
Wands
 f - a wand of digging (3)
Scrolls
 c - a scroll of fog
 d - a scroll of revelation
 e - a scroll of fear


   Skills:
 + Level 3.6 Fighting
 * Level 2.8 Axes
 + Level 1.1 Armour
 - Level 1.7 Dodging
 - Level 6.0 Stealth


You had 2 spell levels left.
You didn't know any spells.
Your spell library was empty.

Dungeon Overview and Level Annotations

Branches:
Dungeon (5/15)
 Temple: D:4-7

Altars:


Innate Abilities, Weirdness & Mutations

You cannot be hasted, slowed, berserked, paralysed or teleported.
You can dig through walls and to a lower floor.
You have a pair of large antennae on your head. (SInv)
Your four strong arms can wield two-handed weapons with a shield.


Message History

The bat closely misses you. The bat closely misses you.
The bat hits you but does no damage.
You closely miss the hobgoblin.
The hobgoblin is severely wounded.
The bat hits you.
* * * LOW HITPOINT WARNING * * *
The bat barely misses you. The hobgoblin hits you.
* * * LOW HITPOINT WARNING * * *
The bat barely misses you.
Found 5 stones.
The bat completely misses you.
You closely miss the bat. The bat closely misses you. The bat misses you.
You barely miss the bat. The bat hits you but does no damage. x2
You hit the bat. You burn the bat.
You kill the bat!
The adder closely misses you.
You barely miss the adder. The adder bites you.
* * * LOW HITPOINT WARNING * * *
You closely miss the adder. The adder bites you.
* * * LOW HITPOINT WARNING * * *
You hit the adder. You burn the adder.
The adder is moderately wounded.
The adder bites you.
* * * LOW HITPOINT WARNING * * *
You are poisoned.
The adder poisons you! The adder bites you.
* * * LOW HITPOINT WARNING * * *
You are lethally poisoned!
The adder poisons you!
You hit the adder but do no damage.
The adder is moderately wounded.
* * * LOW HITPOINT WARNING * * *
You feel very sick. The adder barely misses you.
You hit the adder. You burn the adder.
The adder is heavily wounded.
* * * LOW HITPOINT WARNING * * *
You feel very sick. The adder bites you.
You die...

#..........# ##....#
#..........# #......
#..........###......
#.........!##......#
#.......)........###
####...........#..!.
#gg##........<....
#S###.............
#@# #........##...
#.....#
#........##.#.
....(..##
#.............
.......
#.##.##.......
....... ...#..
#.###... ....... .#
#.# #.# #.. .......
#.## .. .......
...###..###..
.........>....


You could see an adder, a hobgoblin and a goblin.

Vanquished Creatures
  2 adders (D:5)
  An orc (D:5)
  A bat (D:3)
  An endoplasm (D:3)
  A goblin (D:3)
  A rat (D:3)
7 creatures vanquished.

Notes
Turn   | Place    | Note
-------+----------+-------------------------------------------
     0 | D:5      | bmb222 the Formicid Delver began the quest for the Orb.
     0 | D:5      | Reached XP level 1. HP: 18/18 MP: 1/1
   109 | D:5      | Reached XP level 2. HP: 24/24 MP: 2/2
   151 | D:5      | Noticed a water moccasin
   293 | D:5      | Reached skill level 1 in Armour
   293 | D:5      | Reached XP level 3. HP: 28/29 MP: 3/3
   334 | D:5      | Noticed a kobold brigand
   368 | D:5      | Identified the +0 short sword of Fortitude {flame, rC+}
   459 | D:3      | Slain by an adder

Illustrated notes

Levels and vault maps discovered:
D:3:      layout_rooms, hellmonk_ecumenical_altar_inner_sanctum,
          kennysheep_generic_room_7, uniq_terence, uniq_jessica
D:4:      layout_rooms, serial_shops, nicolae_take_the_stairs,
          minmay_misc_feat_pillars, uniq_blork_the_orc, uniq_sigmund
D:5:      layout_loops_cross, jmf_multi_god_temple, minmay_misc_feat_nine_boxes,
          uniq_edmund

Skill      XL: |  1  2 |
---------------+-------+-----
Armour         | 1 |  1.1
Fighting       | |  3.6
Axes           | |  2.8
Dodging        | |  1.7
Stealth        | |  6.0

Action                     || total
---------------------------++-------
  Melee: Hand axe          ||     8
         Short sword       ||    25
   Stab: Sleeping          ||     4
 Armour: Leather armour    ||    34
  Dodge: Dodged            ||    33

Table legend: (Time is in decaauts)
 A = Elapsed time spent in this place.
 B = Non-inter-level travel time spent in this place.
 C = Inter-level travel time spent in this place.
 D = Time resting spent in this place.
 E = Time spent auto-exploring this place.
 F = Levels seen in this place.
 G = Mean time per level.
                   A        B        C        D        E       F      G
               +--------+--------+--------+--------+--------+-----+--------+
         Total |    459 |    391 |     68 |      0 |    180 |   3 |  153.0 |
       Dungeon |    459 |    391 |     68 |      0 |    180 |   3 |  153.0 |
               +--------+--------+--------+--------+--------+-----+--------+

Top non-repeatable levels by time:
     D:5: 395 daAuts
     D:3: 56 daAuts
     D:4: 6 daAuts
